 Dungeon Crawl Stone Soup version 0.20.1-1-g8b1a95d (webtiles) character file.

238 n0claF the Caller (level 5, -5/30 HPs)
             Began as a Deep Elf Summoner on Oct 31, 2017.
             Was an Initiate of Ru.
             Slain by an ogre
             ... wielding a +0 giant club
              (15 damage)
             ... on level 4 of the Dungeon.
             The game lasted 00:13:11 (3170 turns).

n0claF the Caller (Deep Elf Summoner)               Turns: 3170, Time: 00:13:11

Health: -5/30      AC:  2    Str:  5    XL:     5   Next: 78%
Magic:  0/14       EV: 14    Int: 21    God:    Ru [......]
Gold:   93         SH:  0    Dex: 15    Spells: 4/14 levels left

rFire    . . .     SeeInvis .   d - +0 mace
rCold    . . .     Gourm    .   (no shield)
rNeg     . . .     Faith    .   a - +0 robe
rPois    .         Spirit   .   (no helmet)
rElec    .         Reflect  .   (no cloak)
rCorr    .         Harm     .   (no gloves)
MR       .....                  (no boots)
Stlth    ++........             (no amulet)
Regen    0.1/turn               (no ring)
MPRegen  0.2/turn               (no ring)

@: very slightly contaminated
A: no striking features
a: Renounce Religion


You were on level 4 of the Dungeon.
You worshipped Ru.
Ru was noncommittal.
You were not hungry.

You visited 1 branch of the dungeon, and saw 4 of its levels.

You collected 93 gold pieces.

Inventory:

Hand Weapons
 d - a +0 mace (weapon)
Armour
 a - a +0 robe (worn)
Jewellery
 v - an uncursed ring of stealth {unknown}
Scrolls
 e - 2 scrolls of blinking {unknown}
 f - 3 scrolls of remove curse {unknown}
 g - a scroll of enchant weapon {unknown}
 i - a scroll of fear {unknown}
 n - a scroll of immolation {unknown}
 q - a scroll of amnesia {unknown}
Potions
 h - a potion of curing
 l - 2 potions of lignification {unknown}
 m - a potion of agility {unknown}
 o - 2 potions of might {unknown}
 p - a potion of haste {unknown}
 r - 2 potions of flight {unknown}
 t - a potion of invisibility {unknown}
 u - a potion of resistance {unknown}
Books
 b - a book of Callings

   Spells                             Type                      Level
   a - Summon Small Mammal            Summoning                    1
   b - Call Imp                       Summoning                    2
   c - Call Canine Familiar           Summoning                    3
   d - Summon Guardian Golem          Hexes/Summoning              3
   e - Summon Lightning Spire         Summoning/Air                4
   f - Summon Ice Beast               Ice/Summoning                4
Comestibles
 c - 2 bread rations
 j - 2 royal jellies
 k - 2 meat rations
 s - 3 fruits
 w - 2 chunks of flesh


   Skills:
 + Level 1.8 Fighting
 - Level 0.5 Maces & Flails
 + Level 3.6 Dodging
 - Level 2.5 Stealth
 + Level 5.1 Spellcasting
 + Level 5.5 Summonings


You had 4 spell levels left.
You knew the following spells:

 Your Spells              Type           Power        Failure   Level  Hunger
a - Summon Small Mammal   Summ           ####         1%          1    None
b - Call Imp              Summ           ####....     1%          2    None
c - Call Canine Familiar  Summ           ####....     3%          3    ##.....
d - Summon Ice Beast      Ice/Summ       ###.....     34%         4    ####...


Dungeon Overview and Level Annotations

Branches:
Dungeon (4/15)
 Temple: D:4-7

Altars:
Ashenzari
Ru
Trog


Message History

* * * LOW HITPOINT WARNING * * *
Your bat barely misses the worker ant.
Your crimson imp closely misses the worker ant.
The worker ant bites you.
* * * LOW HITPOINT WARNING * * *
You are lethally poisoned!
The worker ant poisons you!
You feel better.
Your bat hits the worker ant.
Your crimson imp blinks!
The worker ant barely misses you.
The worker ant waves its antennae.
Your bat hits the ogre but does no damage.
Your bat hits the ogre. The worker ant bites you.
* * * LOW HITPOINT WARNING * * *
You are lethally poisoned!
The worker ant poisons you!
You feel better.
Your bat barely misses the worker ant.
The worker ant bites you. The ogre hits you with a giant club!
Ouch! That really hurt!
You die...

#### #..## #...###
#.#...#
#<.##.######### .##
#####..#.#....>...
....#...............##
#...######.........#
#........@O.........
....########a...5....#
# #..b........
##..........#
####...........#
................
........".......
..#.##.......... ....
#.†.#####..


You could see an ogre, a worker ant, a friendly crimson imp and a friendly bat.

Vanquished Creatures
  A worm (D:2)
  A bat (D:1)
  A hobgoblin (D:2)
  A frilled lizard (D:1)
  2 kobolds (D:2)
  A rat (D:1)
7 creatures vanquished.

Vanquished Creatures (collateral kills)
  Sigmund (D:3)
  A bullfrog (D:4)
  A crimson imp (D:3)
  Natasha (D:3)
  A worker ant (D:4)
  6 adders
  3 worms
  A dart slug (D:2)
  9 leopard geckos
  2 orcs (D:3)
  3 giant cockroaches
  7 goblins
  6 hobgoblins
  3 jackals
  2 ball pythons
  2 bats
  4 frilled lizards
  8 kobolds
  5 rats
66 creatures vanquished.

Grand Total: 73 creatures vanquished

Notes
Turn   | Place    | Note
-------+----------+-------------------------------------------
     0 | D:1      | n0claF the Deep Elf Summoner began the quest for the Orb.
     0 | D:1      | Reached XP level 1. HP: 10/10 MP: 6/6
   938 | D:1      | Reached XP level 2. HP: 13/15 MP: 6/8
  1683 | D:2      | Reached XP level 3. HP: 18/19 MP: 7/10
  1687 | D:2      | Learned a level 2 spell: Call Imp
  1691 | D:2      | Learned a level 3 spell: Call Canine Familiar
  1726 | D:2      | Found a shattered altar of Ashenzari.
  1998 | D:2      | Reached skill level 5 in Summonings
  2034 | D:2      | Found a sacrificial altar of Ru.
  2048 | D:2      | Became a worshipper of Ru the Awakened
  2180 | D:2      | Found a bloodstained altar of Trog.
  2448 | D:3      | Reached XP level 4. HP: 24/24 MP: 9/12
  2510 | D:3      | Reached skill level 1 in Fighting
  2580 | D:3      | Noticed Sigmund
  2600 | D:3      | Killed Sigmund
  2600 | D:3      | Reached XP level 5. HP: 18/29 MP: 3/14
  2938 | D:3      | Noticed Natasha
  2945 | D:3      | Killed Natasha
  2951 | D:3      | Learned a level 4 spell: Summon Ice Beast
  3049 | D:4      | Reached skill level 5 in Spellcasting
  3143 | D:4      | Noticed an ogre
  3170 | D:4      | Slain by an ogre

Skill      XL: |  1  2  3  4  5 |
---------------+----------------+-----
Summonings     | 5 |  5.5
Spellcasting   | 4 5 |  5.1
Fighting       | 1 |  1.8
Dodging        | 3 |  3.6
Maces & Flails | |  0.5
Stealth        | |  2.5

Action                   |  1- 3 |  4- 6 || total
-------------------------+-------+-------++-------
Melee: Mace              |    38 |     5 ||    43
 Cast: Summon Small Mamm |    30 |     5 ||    35
       Call Canine Famil |    12 |     9 ||    21
       Call Imp          |     8 |    15 ||    23
       Summon Ice Beast  |       |     2 ||     2
  Use: Potion            |       |     4 ||     4
 Stab: Sleeping          |     3 |       ||     3
  Eat: Chunk             |     5 |     4 ||     9
Armor: Robe              |     8 |     5 ||    13
Dodge: Dodged            |    43 |    21 ||    64
